AoeStats
← cristophersanmartinabello

Arabia

503910909Analyzed
2v2 RM · 1mo ago on Sep 3, 2026· 60m 59s· 4 players
Game mode
Random Map
Map size
Medium (4 player)
Population
200
Speed
Normal
Resources
Standard
Victory
Conquest
Starting age
Dark Age
Ending age
Imperial Age
RankedLock teamsTeams togetherTeam positionsShared explorationLock speedFull tech treeHidden civsTurbo modeCheats
Victory
Defeat
🇺🇸 Bulgarians · United States
1014
+13
🇺🇸 Mongols · United States
964
+15
🇨🇱 Italians · Chile
1017
-17
869
-29
I´L PLF
5:21 Loom
10:15 Feudal Age
10:44 Double-Bit Axe
10:42 Horse Collar
14:31 Fletching
16:08 Padded Archer Armor
23:28 Castle Age
24:07 Bodkin Arrow
28:09 Bow Saw
29:38 Leather Archer Armor
30:24 Ballistics
36:09 Wheelbarrow
35:47 Heavy Plow
41:59 Imperial Age
40:31 Bloodlines
40:22 Husbandry
40:30 Scale Barding Armor
40:27 Light Cavalry
42:57 Chain Barding Armor
43:50 Hand Cart
43:21 Town Watch
44:12 Bracer
46:18 Chemistry
49:27 Plate Barding Armor
49:34 Conscription
50:31 Forging
55:42 Iron Casting
cristophersanmartinabello
3:08 Loom
12:33 Feudal Age
21:29 Wheelbarrow
24:15 Stone Mining
29:09 Castle Age
30:12 Pikeman
30:53 Squires
33:06 Hand Cart
37:14 Scale Mail Armor
37:14 Padded Archer Armor
37:05 Fletching
37:25 Forging
37:21 Scale Barding Armor
58:31 Imperial Age
Punishmant
8:38 Feudal Age
7:41 Loom
9:07 Double-Bit Axe
18:02 Castle Age
15:57 Horse Collar
17:09 Bloodlines
17:41 Stone Mining
19:25 Bow Saw
19:17 Heavy Plow
21:15 Gold Mining
23:15 Fletching
23:37 Forging
29:18 Iron Casting
29:21 Husbandry
30:32 Wheelbarrow
35:07 Imperial Age
33:48 Gold Shaft Mining
34:43 Scale Barding Armor
36:45 Chain Barding Armor
37:50 Conscription
40:01 Light Cavalry
41:17 Fletching
42:37 Padded Archer Armor
43:09 Hand Cart
44:45 Bodkin Arrow
45:07 Leather Archer Armor
44:16 Hussar
45:45 Elite Mangudai
47:27 Ballistics
48:08 Chemistry
50:20 Bracer
53:20 Hoardings
55:02 Blast Furnace
54:05 Town Watch
captainducksauce779
7:24 Loom
9:51 Feudal Age
11:56 Double-Bit Axe
14:03 Scale Mail Armor
25:10 Castle Age
25:00 Stone Mining
25:02 Gold Mining
28:59 Elite Skirmisher
31:54 Fletching
32:05 Padded Archer Armor
36:14 Bodkin Arrow
37:48 Leather Archer Armor
39:40 Bow Saw
41:52 Scale Barding Armor
45:37 Ballistics
46:14 Thumb Ring
53:07 Chain Barding Armor
53:03 Chain Mail Armor
57:04 Imperial Age
58:01 Elite Konnik
60:11 Plate Barding Armor
60:15 Gold Shaft Mining
60:49 Plate Mail Armor
Connection lost

Rejoining the realm…

Still unreachable

The connection could not be restored.

Session expired

The server has moved on; the page needs a fresh start.